 Dungeon Crawl Stone Soup version 0.23-a0-85-g22930c1 (webtiles) character file.

250 digijack the Covert (level 5, -2/27 HPs)
             Began as a Spriggan Monk on Aug 13, 2018.
             Killed from afar by Natasha (7 damage)
             ... with a magic dart
             ... on level 2 of the Dungeon.
             The game lasted 00:12:54 (1664 turns).

digijack the Covert (Spriggan Monk)                 Turns: 1664, Time: 00:12:55

Health: -2/27      AC:  3    Str:  5 (7)  XL:     5   Next: 88%
Magic:  10/10      EV: 26    Int:  9 (12) God:
Gold:   55         SH:  0    Dex: 16 (19) Spells: 4/4 levels left

rFire    . . .     SeeInvis +   a - +0 short sword
rCold    . . .     Gourm    .   (shield restricted)
rNeg     . . .     Faith    .   b - +1 robe
rPois    .         Spirit   .   (helmet restricted)
rElec    .         Reflect  .   (no cloak)
rCorr    .         Harm     .   (gloves unavailable)
MR       .....                  (boots unavailable)
Stlth    +++++.....             (no amulet)
HPRegen  0.09/turn              (no ring)
MPRegen  0.12/turn              (no ring)

@: slowed, quick
A: very small, unfitting armour, see invisible, herbivore, speed 3, slow
metabolism 2
a: no special abilities


You were on level 2 of the Dungeon.
You were not hungry.

You visited 1 branch of the dungeon, and saw 2 of its levels.

You collected 55 gold pieces.

Inventory:

Hand Weapons
 a - a +0 short sword (weapon)
Missiles
 e - 25 stones (quivered)
Armour
 b - a +1 robe (worn)
Scrolls
 f - a scroll of remove curse
Potions
 d - a potion of flight
Comestibles
 c - a ration


   Skills:
 - Level 2.4 Fighting
 + Level 8.1 Short Blades
 + Level 10.5 Dodging
 * Level 12.9 Stealth
   Level 6.4 Invocations


You had 4 spell levels left.
You didn't know any spells.
Your spell library was empty.

Dungeon Overview and Level Annotations

Branches:
Dungeon (2/15)

Altars:

Annotations:
D:2 Natasha


Innate Abilities, Weirdness & Mutations

You are very small and have problems with some larger weapons.
You are too small for most types of armour.
You have supernaturally acute eyesight. (SInv)
You are a herbivore.
You cover ground extremely quickly.
You need to consume almost no food.


Message History

Natasha completely misses you.
You hit Natasha but do no damage. Natasha closely misses you.
You barely miss Natasha. Natasha completely misses you.
You barely miss Natasha. Natasha closely misses you.
You hit Natasha.
Natasha is lightly wounded.
Natasha completely misses you.
You hit Natasha but do no damage.
Natasha is lightly wounded.
Natasha casts a spell.
Natasha completely misses you. Natasha misses you.
The white imp gestures at you. The puff of frost hits you!
* * * LOW HITPOINT WARNING * * *
Okay, then.
Okay, then.
Natasha casts a spell at you. The magic dart hits you!
You die...

.# #.%# #####5#
.##.....# #.#
.##.....######.###
.##.....##.......#
###.....##.......#
..#.....##..##.#.#
#.########..#..#.#
#.########..#.##.#
.....#........##@#
#.##.#.#....5.h..#
..............####
.#............#
.#.#.........##
...#...#...#.#
.............#
.####.########
......#


You could see Natasha and a white imp.

Vanquished Creatures
  Natasha (D:2)
  3 adders (D:2)
  3 dart slugs
  A leopard gecko (D:1)
  2 bats (D:1)
  3 giant cockroaches
  4 goblins (D:1)
  A hobgoblin (D:1)
  3 jackals (D:1)
  3 kobolds (D:1)
  2 rats (D:1)
26 creatures vanquished.

Notes
Turn   | Place    | Note
-------+----------+-------------------------------------------
     0 | D:1      | digijack the Spriggan Monk began the quest for the Orb.
     0 | D:1      | Reached XP level 1. HP: 11/11 MP: 2/2
    74 | D:1      | Reached XP level 2. HP: 5/16 MP: 3/3
   565 | D:1      | Reached skill level 4 in Stealth
  1272 | D:2      | Noticed Natasha
  1277 | D:2      | Killed Natasha
  1277 | D:2      | Reached skill level 5 in Dodging
  1277 | D:2      | Reached skill level 5 in Stealth
  1277 | D:2      | Reached XP level 3. HP: 19/19 MP: 4/4
  1310 | D:2      | Reached skill level 8 in Stealth
  1310 | D:2      | Reached XP level 4. HP: 23/23 MP: 4/9
  1311 | D:2      | Reached skill level 10 in Dodging
  1311 | D:2      | Reached skill level 12 in Stealth
  1311 | D:2      | Reached XP level 5. HP: 27/27 MP: 4/10
  1601 | D:2      | Noticed Natasha
  1664 | D:2      | Killed from afar by Natasha

Vault maps used:
D:1:      eino_arrival_tree_alley, minmay_pentomino_u4
D:2:      first_ration, uniq_natasha

Skill      XL: |  1  2  3  4 |
---------------+-------------+-----
Stealth        | 5 8 12 | 12.9
Dodging        | 5 8 10 | 10.5
Short Blades   | 6 8 |  8.1
Invocations    | 6 |  6.4
Fighting       | |  2.4

Action                   |  1- 3 |  4- 6 || total
-------------------------+-------+-------++-------
Melee: Short sword       |   113 |    73 ||   186
  Use: Potion            |     7 |     2 ||     9
       Scroll            |     4 |     2 ||     6
 Stab: Sleeping          |     5 |     1 ||     6
Armor: Robe              |    11 |     2 ||    13
Dodge: Dodged            |    98 |    56 ||   154

Table legend:
 A = Non-vault XP
 B = Vault XP
 C = Vault XP percentage of total XP
 D = Non-vault monster count
 E = Vault monster count
 F = Vault count percentage of total count
 G = Total turns spent on level
                 A         B        C        D         E       F
            +---------+---------+-------+---------+---------+-------
      Total |      79 |      43 |  35.2 |      21 |       5 |  19.2
            +---------+---------+-------+---------+---------+-------
        D:1 |      32 |       8 |  20.0 |      16 |       4 |  20.0
        D:2 |      47 |      35 |  42.7 |       5 |       1 |  16.7
            +---------+---------+-------+---------+---------+-------
